2979 views
Uploaded 2020-04-22 13:00:39
Game version 1.32.3
16:50 long 2on2 ladder game on (4)HillsbradCreek
Saved by zebroni
2979 views
Uploaded 2020-04-22 13:00:39
Game version 1.32.3
16:50 long 2on2 ladder game on (4)HillsbradCreek
102 units @ 13.3k
/ 1.5k
34 buildings @ 4.5k
/ 2k


| Scroll of Town Portal | 2 | 700 |
| Scroll of Healing | 1 | 250 |
| Potion of Lesser Invulnerability | 1 | 150 |
| total: | 4 | 1100g |
| Wisp | 19 | 1140 | / | 0 |
| Archer | 11 | 1430 | / | 110 |
| Huntress | 15 | 2925 | / | 300 |
| Dryad | 6 | 870 | / | 360 |
| total: | 51 | 6365g | / | 770w |
| Altar of Elders | 1 | 180 | / | 50 |
| Moon Well | 6 | 1080 | / | 240 |
| Ancient of War | 1 | 150 | / | 60 |
| Hunter's Hall | 1 | 210 | / | 100 |
| Ancient of Lore | 2 | 310 | / | 290 |
| Tree of Ages | 1 | 320 | / | 180 |
| total: | 11 | 1930g | / | 740w |
| 0:07 | Wisp |
| 0:07 | Wisp |
| 0:13 | Altar of Elders |
| 0:16 | Moon Well |
| 0:17 | Wisp |
| 0:38 | Ancient of War |
| 0:47 | Wisp |
| 1:03 | Wisp |
| 1:20 | Wisp |
| 1:24 | Wisp |
| 1:33 | Moon Well |
| 1:43 | Archer |
| 1:55 | Wisp |
| 1:59 | Archer |
| 2:24 | Immolation |
| 2:54 | Wisp |
| 2:54 | Wisp |
| 2:58 | Archer |
| 3:16 | Wisp |
| 3:18 | Archer |
| 4:04 | Archer |
| 4:04 | Archer |
| 4:06 | Wisp |
| 4:06 | Wisp |
| 4:45 | Archer |
| 4:45 | Archer |
| 4:50 | Hunter's Hall |
| 5:04 | Archer |
| 5:24 | Wisp |
| 5:24 | Wisp |
| 5:24 | Wisp |
| 5:31 | Archer |
| 5:31 | Archer |
| 5:48 | Moon Well |
| 5:52 | Huntress |
| 6:21 | Tree of Ages |
| 6:22 | Huntress |
| 7:01 | Huntress |
| 7:09 | Evasion |
| 7:32 | Huntress |
| 7:37 | Moon Well |
| 8:07 | Huntress |
| 8:19 | Moon Well |
| 8:25 | Huntress |
| 8:53 | Scroll of Town Portal |
| 9:14 | Wisp |
| 9:14 | Wisp |
| 9:14 | Wisp |
| 9:31 | Huntress |
| 10:06 | Ancient of Lore |
| 10:08 | Entangling Roots |
| 10:17 | Huntress |
| 10:34 | Immolation |
| 10:48 | Moon Glaive |
| 10:49 | Huntress |
| 11:32 | Dryad |
| 11:32 | Dryad |
| 11:39 | Moon Well |
| 12:14 | Ancient of Lore |
| 12:18 | Huntress |
| 12:18 | Huntress |
| 12:41 | Scroll of Town Portal |
| 12:44 | Potion of Lesser Invulnerability |
| 12:54 | Scroll of Healing |
| 13:19 | Huntress |
| 14:29 | Dryad |
| 14:29 | Dryad |
| 14:31 | Huntress |
| 14:50 | Moon Armor |
| 15:12 | Huntress |
| 16:16 | Huntress |
| 16:17 | Dryad |
| 16:26 | Thorns Aura |
| 16:40 | Dryad |


| Lesser Clarity Potion | 1 | 70 |
| Staff of Sanctuary | 2 | 500 |
| Scroll of Healing | 1 | 250 |
| Scroll of Town Portal | 3 | 1050 |
| Potion of Lesser Invulnerability | 1 | 150 |
| Scroll of Protection | 1 | 150 |
| total: | 9 | 2170g |
| Peasant | 18 | 1350 | / | 0 |
| Footman | 12 | 1620 | / | 0 |
| Sorceress | 2 | 310 | / | 40 |
| Priest | 3 | 405 | / | 30 |
| Spell Breaker | 4 | 860 | / | 120 |
| Mortar Team | 5 | 900 | / | 350 |
| Knight | 2 | 490 | / | 120 |
| Forest Troll Berserker | 1 | 245 | / | 30 |
| Forest Troll Shadow Priest | 4 | 780 | / | 40 |
| total: | 51 | 6960g | / | 730w |
| Scout Tower | 4 | 120 | / | 80 |
| Arcane Tower | 2 | 140 | / | 100 |
| Guard Tower | 3 | 210 | / | 150 |
| Altar of Kings | 1 | 180 | / | 50 |
| Farm | 9 | 720 | / | 180 |
| Barracks | 1 | 160 | / | 60 |
| Town Hall | 1 | 385 | / | 205 |
| Lumber Mill | 1 | 120 | / | 0 |
| Arcane Vault | 1 | 130 | / | 30 |
| Blacksmith | 1 | 140 | / | 60 |
| Arcane Sanctum | 2 | 300 | / | 280 |
| Workshop | 2 | 280 | / | 280 |
| Keep | 1 | 320 | / | 210 |
| Castle | 1 | 360 | / | 210 |
| total: | 23 | 2535g | / | 1225w |
| 0:05 | Peasant |
| 0:05 | Peasant |
| 0:05 | Peasant |
| 0:10 | Altar of Kings |
| 0:22 | Farm |
| 0:31 | Barracks |
| 0:36 | Farm |
| 0:45 | Peasant |
| 0:54 | Peasant |
| 1:18 | Peasant |
| 1:36 | Footman |
| 1:37 | Farm |
| 1:46 | Peasant |
| 1:54 | Peasant |
| 1:55 | Footman |
| 2:13 | Summon Water Elemental |
| 2:18 | Footman |
| 2:31 | Peasant |
| 2:33 | Scout Tower |
| 2:40 | Footman |
| 3:05 | Peasant |
| 3:06 | Arcane Tower |
| 3:07 | Footman |
| 3:35 | Brilliance Aura |
| 3:41 | Town Hall |
| 3:53 | Peasant |
| 3:57 | Lumber Mill |
| 4:22 | Scout Tower |
| 4:23 | Peasant |
| 4:35 | Footman |
| 4:45 | Peasant |
| 4:54 | Arcane Tower |
| 4:57 | Scout Tower |
| 5:08 | Footman |
| 5:16 | Peasant |
| 5:31 | Peasant |
| 5:39 | Footman |
| 5:41 | Keep |
| 5:43 | Scout Tower |
| 5:45 | Improved Masonry |
| 5:48 | Footman |
| 5:53 | Guard Tower |
| 5:55 | Peasant |
| 5:59 | Farm |
| 6:13 | Farm |
| 6:19 | Peasant |
| 6:19 | Peasant |
| 6:29 | Forest Troll Berserker |
| 6:29 | Forest Troll Shadow Priest |
| 6:37 | Forest Troll Shadow Priest |
| 6:37 | Forest Troll Shadow Priest |
| 6:37 | Forest Troll Shadow Priest |
| 6:44 | Summon Water Elemental |
| 7:10 | Footman |
| 7:23 | Footman |
| 7:25 | Guard Tower |
| 7:27 | Arcane Vault |
| 7:53 | Footman |
| 8:12 | Frost Arrows |
| 8:18 | Arcane Sanctum |
| 8:19 | Improved Lumber Harvesting |
| 8:19 | Advanced Masonry |
| 8:22 | Arcane Sanctum |
| 8:43 | Blacksmith |
| 9:04 | Scroll of Healing |
| 9:05 | Potion of Lesser Invulnerability |
| 9:13 | Sorceress |
| 9:15 | Castle |
| 9:22 | Scroll of Town Portal |
| 9:23 | Lesser Clarity Potion |
| 9:35 | Farm |
| 9:37 | Farm |
| 9:39 | Farm |
| 9:47 | Priest |
| 10:01 | Spell Breaker |
| 10:12 | Forked Lightning |
| 10:21 | Workshop |
| 10:25 | Workshop |
| 11:02 | Brilliance Aura |
| 11:02 | Brilliance Aura |
| 11:02 | Brilliance Aura |
| 11:11 | Priest |
| 11:35 | Mortar Team |
| 11:37 | Staff of Sanctuary |
| 11:46 | Priest Adept Training |
| 11:47 | Fragmentation Shards |
| 11:48 | Animal War Training |
| 11:48 | Sundering Blades |
| 12:01 | Sorceress |
| 12:19 | Mortar Team |
| 12:35 | Scroll of Town Portal |
| 12:38 | Scroll of Protection |
| 13:07 | Spell Breaker |
| 14:11 | Priest Master Training |
| 14:13 | Mortar Team |
| 14:14 | Spell Breaker |
| 14:37 | Farm |
| 14:44 | Staff of Sanctuary |
| 14:49 | Scroll of Town Portal |
| 14:53 | Priest |
| 14:56 | Knight |
| 14:57 | Knight |
| 15:08 | Flare |
| 15:24 | Mortar Team |
| 15:47 | Forked Lightning |
| 15:55 | Spell Breaker |
| 15:57 | Mortar Team |
54 units @ 8.5k
/ 1.4k
32 buildings @ 5k
/ 2k


| Healing Salve | 3 | 300 |
| Lesser Clarity Potion | 3 | 210 |
| Scroll of Speed | 2 | 100 |
| Potion of Healing | 1 | 150 |
| Scroll of Town Portal | 1 | 350 |
| total: | 10 | 1110g |
| Peon | 7 | 525 | / | 0 |
| Grunt | 6 | 1200 | / | 0 |
| Raider | 5 | 900 | / | 200 |
| Demolisher | 4 | 880 | / | 200 |
| Troll Batrider | 2 | 320 | / | 80 |
| Kodo Beast | 3 | 765 | / | 180 |
| total: | 27 | 4590g | / | 660w |
| Watch Tower | 5 | 550 | / | 400 |
| Altar of Storms | 1 | 180 | / | 50 |
| Orc Burrow | 5 | 800 | / | 200 |
| Barracks | 1 | 180 | / | 50 |
| Voodoo Lounge | 2 | 260 | / | 60 |
| War Mill | 1 | 205 | / | 0 |
| Beastiary | 2 | 290 | / | 280 |
| Spirit Lodge | 1 | 150 | / | 150 |
| Stronghold | 1 | 315 | / | 190 |
| Fortress | 1 | 325 | / | 190 |
| total: | 18 | 2615g | / | 1190w |
| 0:02 | Peon |
| 0:02 | Peon |
| 0:07 | Altar of Storms |
| 0:19 | Orc Burrow |
| 0:26 | Peon |
| 0:34 | Barracks |
| 0:41 | Peon |
| 0:52 | Peon |
| 1:20 | Peon |
| 1:29 | Orc Burrow |
| 1:35 | Grunt |
| 1:43 | Peon |
| 1:59 | Voodoo Lounge |
| 2:06 | Feral Spirit |
| 2:47 | Stronghold |
| 3:02 | Grunt |
| 3:41 | Grunt |
| 3:56 | Grunt |
| 4:13 | Chain Lighting |
| 4:25 | Orc Burrow |
| 5:05 | Healing Salve |
| 5:05 | Lesser Clarity Potion |
| 5:05 | Scroll of Speed |
| 5:21 | Beastiary |
| 5:23 | Berserker Strength |
| 5:45 | Frost Arrows |
| 6:12 | War Mill |
| 6:22 | Pillage |
| 7:23 | Raider |
| 7:23 | Ensnare |
| 7:32 | Spirit Lodge |
| 7:35 | Grunt |
| 7:37 | Orc Burrow |
| 8:07 | Beastiary |
| 8:21 | Healing Salve |
| 8:21 | Lesser Clarity Potion |
| 8:21 | Scroll of Speed |
| 8:32 | Raider |
| 8:33 | Demolisher |
| 8:48 | Forked Lightning |
| 9:02 | Troll Batrider |
| 9:02 | Kodo Beast |
| 9:02 | Troll Batrider |
| 9:04 | Kodo Beast |
| 9:27 | Orc Burrow |
| 9:46 | Feral Spirit |
| 10:24 | Demolisher |
| 10:25 | Raider |
| 10:29 | Healing Salve |
| 10:29 | Lesser Clarity Potion |
| 10:47 | Kodo Beast |
| 11:29 | Frost Arrows |
| 12:17 | Grunt |
| 12:19 | Demolisher |
| 12:31 | Scroll of Town Portal |
| 12:33 | Potion of Healing |
| 12:40 | Reinforced Defenses |
| 13:02 | Demolisher |
| 14:11 | Chain Lighting |
| 14:39 | Raider |
| 14:57 | Fortress |
| 15:46 | Watch Tower |
| 15:47 | Watch Tower |
| 15:47 | Watch Tower |
| 15:48 | Watch Tower |
| 15:49 | Watch Tower |
| 15:51 | Forked Lightning |
| 16:13 | Voodoo Lounge |
| 16:31 | Feral Spirit |
| 16:38 | Raider |


| Lesser Clarity Potion | 1 | 70 |
| Staff of Preservation | 1 | 150 |
| Scroll of Town Portal | 2 | 700 |
| Healing Salve | 2 | 200 |
| total: | 6 | 1120g |
| Wisp | 15 | 900 | / | 0 |
| Huntress | 4 | 780 | / | 80 |
| Dryad | 3 | 435 | / | 180 |
| Mountain Giant | 5 | 1750 | / | 500 |
| total: | 27 | 3865g | / | 760w |
| Altar of Elders | 1 | 180 | / | 50 |
| Moon Well | 8 | 1440 | / | 320 |
| Ancient of War | 1 | 150 | / | 60 |
| Hunter's Hall | 1 | 210 | / | 100 |
| Ancient of Wonders | 1 | 90 | / | 30 |
| Ancient of Lore | 2 | 310 | / | 290 |
| Tree of Ages | 1 | 320 | / | 180 |
| Tree of Eternity | 1 | 330 | / | 200 |
| total: | 14 | 2380g | / | 850w |
| 0:03 | Wisp |
| 0:03 | Wisp |
| 0:12 | Altar of Elders |
| 0:16 | Wisp |
| 0:20 | Moon Well |
| 0:23 | Wisp |
| 0:24 | Wisp |
| 0:34 | Wisp |
| 0:34 | Wisp |
| 0:52 | Wisp |
| 1:07 | Wisp |
| 1:10 | Wisp |
| 1:52 | Ancient of War |
| 1:57 | Hunter's Hall |
| 1:59 | Wisp |
| 1:59 | Wisp |
| 1:59 | Wisp |
| 2:09 | Moon Well |
| 2:18 | Entangling Roots |
| 2:55 | Tree of Ages |
| 3:02 | Ultravision |
| 3:17 | Huntress |
| 3:36 | Huntress |
| 3:48 | Huntress |
| 3:58 | Huntress |
| 4:24 | Moon Well |
| 4:42 | Force of Nature |
| 5:20 | Ancient of Lore |
| 5:24 | Ancient of Lore |
| 5:46 | Ancient of Wonders |
| 6:00 | Wisp |
| 6:00 | Wisp |
| 6:13 | Moon Well |
| 6:55 | Dryad |
| 7:25 | Tree of Eternity |
| 7:33 | Scout |
| 7:38 | Abolish Magic |
| 7:39 | Dryad |
| 7:55 | Moon Well |
| 8:01 | Lesser Clarity Potion |
| 8:13 | Staff of Preservation |
| 9:02 | Dryad |
| 9:04 | Moon Well |
| 9:46 | Entangling Roots |
| 9:52 | Trueshot Aura |
| 10:03 | Hardened Skin |
| 10:03 | Resistant Skin |
| 10:04 | Mountain Giant |
| 10:16 | Moon Well |
| 10:30 | Reinforced Hides |
| 10:49 | Moon Well |
| 11:28 | Mountain Giant |
| 11:34 | Well Spring |
| 11:55 | Scroll of Town Portal |
| 11:55 | Scroll of Town Portal |
| 12:23 | Healing Salve |
| 12:23 | Healing Salve |
| 13:14 | Mountain Giant |
| 14:33 | Force of Nature |
| 14:36 | Mountain Giant |
| 14:47 | Improved Reinforced Hides |
| 14:55 | Trueshot Aura |
| 15:28 | Mountain Giant |
⇛